 Dungeon Crawl Stone Soup version 0.25-a0-23-gdc1bd94 (webtiles) character file.

Game seed: 2574188597927958448, levelgen mode: deterministic

4670 Bapo the Geomancer (level 10, -3/81 HPs)
             Began as a Gargoyle Earth Elementalist on Oct 16, 2019.
             Was a Priest of Hepliaklqana.
             Slain by a death yak (7 damage)
             ... on level 8 of the Dungeon.
             The game lasted 00:27:44 (6951 turns).

Bapo the Geomancer (Gargoyle Earth Elementalist)    Turns: 6951, Time: 00:27:45

Health: -3/81      AC: 32    Str: 12    XL:     10   Next: 44%
Magic:  17/24      EV:  2    Int: 25    God:    Hepliaklqana [***...]
Gold:   116        SH:  0    Dex: 10    Spells: 6/16 levels left

rFire    + . .     SeeInvis .   y - +8 hand axe "Koulully" {protect, rF+ Int+6}
rCold    . . .     Gourm    .   (no shield)
rNeg     + + +     Faith    .   (armour currently unavailable)
rPois    ∞         Spirit   .   (helmet currently unavailable)
rElec    .         Reflect  .   (cloak currently unavailable)
rCorr    .         Harm     .   (gloves currently unavailable)
MR       +....     NoTele   +   (boots currently unavailable)
Stlth    ++........             (no amulet)
HPRegen  0.23/turn              l - ring of protection from magic
MPRegen  0.19/turn              c - ring of magical power

@: tree-form, protection aura, berserk cooldown, slowed, very slow
A: reduced essence, negative energy resistance 1, petrification resistance, rot
immunity, AC +7
a: Recall Ancestor, Ancestor Identity, Transference, Renounce Religion


You were on level 8 of the Dungeon.
You worshipped Hepliaklqana.
Hepliaklqana was most pleased with you.
You were not hungry.
You were a tree.
You visited 1 branch of the dungeon, and saw 8 of its levels.

You collected 356 gold pieces.
You spent 240 gold pieces at shops.

Inventory:

Hand Weapons
 a - a +3 dagger of freezing
 q - a +6 short sword of speed
 y - the +8 hand axe "Koulully" (weapon) {protect, rF+ Int+6}
   (You found it on level 7 of the Dungeon)

   It grants its wielder temporary protection when it strikes (+7 to AC).
   It affects your intelligence (+6).
   It protects you from fire.
Missiles
 e - 103 stones (quivered)
Armour
 g - a +0 helmet (melded)
 k - a +1 ring mail of cold resistance (melded)
 n - a +0 pair of gloves (melded)
 D - a scarf of cloud immunity (melded)
Jewellery
 c - a ring of magical power (right branch)
 l - a ring of protection from magic (left branch)
 A - an uncursed ring of protection from magic
Wands
 j - a wand of polymorph (6)
 r - a wand of disintegration (27)
 B - a wand of iceblast (10)
Scrolls
 f - 7 scrolls of remove curse
 h - 2 scrolls of teleportation
 m - 3 scrolls of blinking
 x - 2 scrolls of amnesia
 z - a scroll of identify
 C - a scroll of fog
Potions
 b - a potion of resistance
 i - 3 potions of curing
 o - a potion of invisibility
 s - 2 potions of cancellation
 w - a potion of might
Comestibles
 d - 16 rations


   Skills:
 - Level 5.9 Fighting
 - Level 3.8 Short Blades
 - Level 4.6 Axes
 * Level 5.2 Armour
 - Level 2.2 Dodging
 - Level 2.1 Stealth
 + Level 3.9 Spellcasting
 + Level 3.2 Conjurations
 - Level 4.2 Transmutations
 - Level 9.2 Earth Magic
 - Level 3.3 Evocations


You had 6 spell levels left.
You knew the following spells:

 Your Spells              Type           Power        Failure   Level  Hunger
a - Sandblast             Erth           ######       1%          1    None
b - Passwall              Tmut/Erth      #####...     1%          2    #......
c - Stone Arrow           Conj/Erth      #####.       1%          3    ##.....
d - Petrify               Tmut/Erth      #####...     6%          4    ####...

Your spell library contained the following spells:

 Spells                   Type           Power        Failure   Level  Hunger
 Beastly Appendage        Tmut           ####..       1%          1    None
 Sticks to Snakes         Tmut           ####....     2%          2    #......
 Lee's Rapid Deconstruct  Erth           ######....   5%          5    ######.
 Spider Form              Tmut/Pois      ###.......   12%         3    ##.....
 Ice Form                 Ice/Tmut       ###.....     36%         4    ####...
 Blade Hands              Tmut           ####......   41%         5    ######.


Dungeon Overview and Level Annotations

Branches:
Dungeon (8/15)             Temple (0/1) D:6            Lair (0/6) D:8

Altars:
Dithmenos
Hepliaklqana
Kikubaaqudgha
Makhleb
Okawaru
Qazlal
Ru
Uskayaw
Xom
Zin

Shops:
D:5 [   D:7 (   D:8 [


Innate Abilities, Weirdness & Mutations

You are resistant to torment.
((Your stone body is resilient. (AC +7)))
You are immune to poison.
You resist negative energy. (rN+)
((You are resistant to electric shocks. (rElec)))
((You can survive without breathing.))
You are immune to petrification.
You are immune to rotting.
Your life essence is reduced to manifest your ancestor. (-10% HP)


Message History

The death yak is lightly wounded.
The death yak gores you but does no damage. x2
All of the chunks of flesh in your inventory have rotted away.
You hit the death yak.
The death yak is moderately wounded.
The death yak gores you!
* * * LOW HITPOINT WARNING * * *
The death yak snorts and paws the ground.
You hit the death yak but do no damage.
The death yak is moderately wounded.
The death yak gores you but does no damage.
The death yak gores you.
* * * LOW HITPOINT WARNING * * *
You hit the death yak.
The death yak is moderately wounded.
The death yak gores you but does no damage. x2
You hit the death yak but do no damage.
The death yak is moderately wounded.
The death yak gores you!
You die...

#.## #.#.# ##.####
####.#.# ......+
+.....># ..)...#
####.#.# ......#
#.#.# ......#####
#.#.#
..........####.#.#
##.##..........l.#
##.##.###..###.#♣#
...##.####<# #.#Y#
.........# .##
#Y#### #####.####
# #YY..# #####.##
#Y##.# .......#
#..cr......
##.....#
#..........
##.....#
#.....Y....
##........
...........


You could see 5 death yaks, a centaur, an iguana and a quokka.

Vanquished Creatures
  2 death yaks (D:8)
  Grinder (D:3)
  A spriggan (D:7)
  Eustachio (D:4)
  2 sky beasts
  2 ogres
  3 centaurs (D:7)
  3 bullfrogs
  Dowan (D:6)
  A scorpion (D:6)
  A howler monkey (D:4)
  2 crimson imps
  A centaur zombie (D:6)
  An orc priest (D:4)
  4 orc wizards
  Crazy Yiuf (D:2)
  3 hounds
  Natasha (thrice) (D:2)
  2 iguanas
  3 worker ants
  A hound skeleton (D:7)
  2 worker ant zombies
  Robin (D:2)
  15 adders
  A shadow imp (D:6)
  An ooze (D:4)
  An adder skeleton (D:7)
  3 dart slugs
  2 leopard geckos
  11 orcs
  4 giant cockroaches
  13 hobgoblins
  8 jackals
  8 kobolds
  3 quokkas
  7 bats
  8 frilled lizards
  11 goblins
  A jackal zombie (D:5)
  A quokka zombie (D:6)
  6 rats
146 creatures vanquished.

Vanquished Creatures (collateral kills)
  2 hippogriffs
  A water moccasin (D:7)
  Duvessa (D:6)
  A sky beast (D:7)
  A bullfrog (D:7)
  A scorpion (D:4)
  A bullfrog zombie (D:6)
  A hound (D:6)
  A centaur skeleton (D:5)
  3 orc wizards
  An orc priest (D:6)
  A centaur zombie (D:8)
  4 worker ants
  6 gnolls (D:5)
  2 adders
  A dart slug (D:4)
  A leopard gecko (D:4)
  9 orcs
  A ball python (D:3)
  2 bats (D:3)
  4 goblins (D:2)
  4 hobgoblins
  A kobold (D:3)
  A quokka (D:3)
  A frilled lizard (D:4)
  A rat (D:3)
53 creatures vanquished.

Vanquished Creatures (others)
  A knight (D:8)
  An ancestor (D:2)
2 creatures vanquished.

Grand Total: 201 creatures vanquished

Notes
Turn   | Place    | Note
-------+----------+-------------------------------------------
     0 | D:1      | Bapo the Gargoyle Earth Elementalist began the quest for
                  | the Orb.
     0 | D:1      | Reached XP level 1. HP: 10/10 MP: 3/3
    72 | D:1      | Reached skill level 4 in Earth Magic
   120 | D:1      | Reached XP level 2. HP: 14/15 MP: 0/5
   391 | D:1      | Learned a level 2 spell: Passwall
   491 | D:1      | Reached XP level 3. HP: 19/19 MP: 3/6
   492 | D:1      | Reached skill level 5 in Earth Magic
   642 | D:1      | Learned a level 3 spell: Stone Arrow
  1067 | D:2      | Reached XP level 4. HP: 23/24 MP: 3/7
  1098 | D:2      | Noticed a +0 hand axe
  1098 | D:2      | Noticed a +0 hand axe
  1101 | D:2      | Found a hide-covered altar of Uskayaw.
  1107 | D:2      | Reached skill level 6 in Earth Magic
  1203 | D:2      | Found a hazy altar of Hepliaklqana.
  1212 | D:2      | Became a worshipper of Hepliaklqana the Forgotten
  1351 | D:2      | Found a glowing silver altar of Zin.
  1398 | D:2      | Noticed Robin
  1483 | D:2      | Reached XP level 5. HP: 7/25 MP: 4/8
  1493 | D:2      | Killed Robin
  1742 | D:2      | Noticed Natasha
  1744 | D:2      | Killed Natasha
  1744 | D:2      | Reached skill level 7 in Earth Magic
  1937 | D:2      | Found a runed translucent door.
  1938 | D:2      | Noticed Crazy Yiuf
  2085 | D:2      | Noticed Natasha
  2088 | D:2      | Killed Natasha
  2138 | D:2      | Killed Crazy Yiuf
  2420 | D:2      | Noticed Natasha
  2425 | D:2      | Killed Natasha
  2425 | D:2      | Reached skill level 8 in Earth Magic
  2425 | D:2      | Reached XP level 6. HP: 28/28 MP: 5/9
  2507 | D:3      | Noticed Grinder
  2523 | D:3      | Killed Grinder
  2523 | D:3      | Reached skill level 9 in Earth Magic
  2523 | D:3      | Reached XP level 7. HP: 24/32 MP: 1/10
  2538 | D:3      | Reached * piety under Hepliaklqana
  2666 | D:3      | Reached skill level 1 in Fighting
  2995 | D:4      | Reached skill level 1 in Short Blades
  3045 | D:4      | Reached ** piety under Hepliaklqana
  3050 | D:4      | Remembered your ancestor Bor as a knight
  3521 | D:4      | Noticed Eustachio
  3533 | D:4      | Killed Eustachio
  3533 | D:4      | Reached XP level 8. HP: 43/43 MP: 5/11
  3616 | D:4      | Found a burning altar of Makhleb.
  3623 | D:4      | Found an ancient bone altar of Kikubaaqudgha.
  3624 | D:4      | Found a stormy altar of Qazlal.
  3635 | D:4      | Reached skill level 5 in Fighting
  3903 | D:5      | Entered Level 5 of the Dungeon
  4035 | D:5      | Found a shimmering altar of Xom.
  4052 | D:5      | Found Relotek's Antique Armour Boutique.
  4388 | D:5      | Found an iron altar of Okawaru.
  4457 | D:5      | Learned a level 4 spell: Petrify
  4511 | D:5      | Reached *** piety under Hepliaklqana
  4609 | D:5      | Reached skill level 1 in Transmutations
  4609 | D:5      | Reached skill level 1 in Evocations
  5275 | D:6      | Reached XP level 9. HP: 49/49 MP: 8/12
  5280 | D:6      | Found a staircase to the Ecumenical Temple.
  5321 | D:6      | Noticed Dowan
  5322 | D:6      | Noticed Duvessa
  5335 | D:6      | Killed Duvessa
  5359 | D:6      | Killed Dowan
  5796 | D:7      | Reached skill level 1 in Conjurations
  6072 | D:7      | Found a shadowy altar of Dithmenos.
  6139 | D:7      | Got a pitted hand axe
  6140 | D:7      | Identified the +8 hand axe "Koulully" {protect, rF+ Int+6}
                  | (You found it on level 7 of the Dungeon)
  6225 | D:7      | Reached skill level 1 in Axes
  6233 | D:7      | Found a sacrificial altar of Ru.
  6280 | D:7      | Found a stormy altar of Qazlal.
  6438 | D:7      | Found Rotaita's Antique Weapon Shop.
  6622 | D:5      | Bought a glowing scarf for 240 gold pieces
  6690 | D:7      | Reached **** piety under Hepliaklqana
  6820 | D:8      | Reached skill level 1 in Armour
  6820 | D:8      | Reached XP level 10. HP: 47/54 MP: 10/13
  6858 | D:8      | Found Kuheur's Armour Emporium.
  6905 | D:8      | Noticed a death yak
  6905 | D:8      | Noticed a death yak
  6905 | D:8      | Noticed a death yak
  6906 | D:8      | Found a staircase to the Lair.
  6906 | D:8      | Noticed a death yak
  6906 | D:8      | Noticed a death yak
  6907 | D:8      | Noticed a death yak
  6907 | D:8      | Noticed a death yak
  6928 | D:8      | Killed a death yak
  6946 | D:8      | Killed a death yak
  6946 | D:8      | Reached skill level 5 in Armour
  6949 | D:8      | HP: 4/81 [death yak (4)]
  6951 | D:8      | Slain by a death yak

Levels and vault maps discovered:
D:1:      lemuel_arrival_lava_pool, layout_basic
D:2:      layout_loops_ring, dancing_weapons_uskayaw, lemuel_crystal_altar,
          lemuel_round_altar, uniq_natasha, uniq_robin, uniq_crazy_yiuf_cottage
D:3:      layout_rooms, uniq_grinder
D:4:      layout_basic, grunt_temple_overflow_open, first_ration, minivault_19,
          minmay_cut_off, uniq_eustachio
D:5:      layout_loops_corners, kennysheep_little_box, lemuel_crystal_altar,
          serial_shops, shop
D:6:      layout_cave_pods, minmay_temple_entry_junction, uniq_duvessa
D:7:      layout_loops_ring, grunt_dithmenos_smoke_and_mirrors,
          overflow_temple_1_default, basic_altar, the_bakery,
          chequers_hall_statues_corner_a, nicolae_wand_duel,
          kennysheep_small_circle
D:8:      layout_basic, dpeg_lair_monsters, serial_shops, shop_coins, shop,
          shop, shop, uniq_erica

Skill      XL: |  1  2  3  4  5  6  7  8  9 10 |
---------------+-------------------------------+-----
Earth Magic    | 4 5 6 8 9 |  9.2
Fighting       | 4 5 |  5.9
Short Blades   | 2 3 |  3.8
Dodging        | 2 |  2.2
Transmutations | 2 4 |  4.2
Evocations     | 2 3 |  3.3
Conjurations   | 3 |  3.2
Axes           | 4 |  4.6
Armour         | 1 5 |  5.2
Spellcasting   | 3 |  3.9
Stealth        | |  2.1

Action                   |  1- 3 |  4- 6 |  7- 9 | 10-12 || total
-------------------------+-------+-------+-------+-------++-------
Melee: Unarmed           |    30 |       |       |       ||    30
       Whip              |    16 |    22 |       |       ||    38
       Dagger            |       |     6 |   119 |       ||   125
       Hand axe          |       |       |    30 |    26 ||    56
       Short sword       |       |       |     6 |       ||     6
 Cast: Sandblast         |    33 |    49 |    78 |     1 ||   161
       Stone Arrow       |     4 |     2 |       |       ||     6
Invok: Ancestor Life: Kn |       |       |     1 |       ||     1
       Idealise          |       |       |       |     1 ||     1
Evoke: Wand              |       |       |       |     4 ||     4
  Use: Scroll            |     2 |     3 |    13 |       ||    18
       Potion            |       |     2 |       |     5 ||     7
 Stab: Sleeping          |     2 |     2 |     5 |       ||     9
       Distracted        |       |       |     3 |       ||     3
  Eat: Chunk             |     2 |     3 |    10 |       ||    15
       Ration            |       |     1 |     1 |       ||     2
Armor: Robe              |    32 |    25 |    66 |       ||   123
       Skin              |       |     2 |       |     7 ||     9
       Ring mail         |       |       |    44 |     6 ||    50
Dodge: Dodged            |    56 |    36 |   127 |     4 ||   223

Table legend:
 A = Non-vault XP
 B = Vault XP
 C = Vault XP percentage of total XP
 D = Non-vault monster count
 E = Vault monster count
 F = Vault count percentage of total count
                 A         B        C        D         E       F
            +---------+---------+-------+---------+---------+-------
      Total |    3736 |    2936 |  44.0 |     175 |      24 |  12.1
            +---------+---------+-------+---------+---------+-------
        D:1 |      49 |       0 |   0.0 |      28 |       0 |   0.0
        D:2 |     186 |     113 |  37.8 |      30 |      14 |  31.8
        D:3 |      89 |     267 |  75.0 |      23 |       1 |   4.2
        D:4 |     591 |     250 |  29.7 |      23 |       3 |  11.5
        D:5 |     550 |       0 |   0.0 |      28 |       0 |   0.0
        D:6 |     609 |     227 |  27.2 |      17 |       2 |  10.5
        D:7 |    1320 |     358 |  21.3 |      20 |       2 |   9.1
        D:8 |     342 |    1721 |  83.4 |       6 |       2 |  25.0
            +---------+---------+-------+---------+---------+-------
